 Dungeon Crawl Stone Soup version 0.29.1-15-g9cfb28693d (webtiles) character file.

Game seed: 7177068564193716386

16 nickaroo1289 the Firebug (level 2, -2/20 HPs)
             Began as a Draconian Fire Elementalist on Mar 15, 2023.
             Slain by an orc wizard
             ... wielding a +0 dagger
              (4 damage)
             ... on level 2 of the Dungeon.
             The game lasted 00:11:47 (1563 turns).

nickaroo1289 the Firebug (DrFE)                     Turns: 1563, Time: 00:11:47

Health: -2/20      AC:  5    Str: 10    XL:     2   Next: 41%
Magic:  1/5        EV: 12    Int: 15    God:
Gold:   67         SH:  0    Dex: 11    Spells: 2/5 levels left

rFire   . . .      SeeInvis .   c - +0 club
rCold   . . .      Faith    .   (no shield)
rNeg    . . .      Spirit   .   (body armour unavailable)
rPois   .          Reflect  .   (helmet restricted)
rElec   .          Harm     .   g - +0 cloak
rCorr   .          Rampage  .   (no gloves)
Will    .....                   (no boots)
Stlth   ++........              (no amulet)
HPRegen 0.06/turn               (no ring)
MPRegen 0.09/turn               (no ring)

@: no status effects
A: AC +4, unfitting armour, cold-blooded
a: no special abilities


You were on level 2 of the Dungeon.
You visited 1 branch of the dungeon, and saw 2 of its levels.

You collected 67 gold pieces.

Inventory:

Hand Weapons
 c - a +0 club (weapon)
Missiles
 f - 4 poisoned darts
Armour
 b - a +0 leather armour
 e - a +0 robe
 g - a +0 cloak (worn)


   Skills:
 - Level 1.7 Dodging
 + Level 1.8 Stealth
 + Level 2.3 Spellcasting
 + Level 1.0 Conjurations
 + Level 3.5 Fire Magic


You had 2 spell levels left.
You knew the following spells:

 Your Spells              Type           Power      Damage    Failure   Level
a - Foxfire               Conj/Fire      32%        2x1d5     9%          1
b - Scorch                Fire           24%        2d6       8%          2

Your spell library contained the following spells:

 Spells                   Type           Power      Damage    Failure   Level
 Conjure Flame            Conj/Fire      8%         6-21      26%         3
 Inner Flame              Hex/Fire       7%         N/A       30%         3
 Call Canine Familiar     Summ           1%         N/A       54%         3
 Portal Projectile        Hex/Tloc       2%         N/A       54%         3
 Flame Wave               Conj/Fire      8%         2d5       63%         4
 Leda's Liquefaction      Hex/Erth       0%         N/A       91%         4


Dungeon Overview and Level Annotations

Branches:
Dungeon (2/15)

Altars:


Innate Abilities, Weirdness & Mutations

Your plain brown scales are hard. (AC +4)
You cannot fit into any form of body armour.
You are cold-blooded and may be slowed by cold attacks.


Message History

Casting: Scorch (safe; 8% risk of failure)
Confirm with . or Enter, or press ? or * to list all spells.
Flames lash the orc.
The orc is almost dead.
The orc's fire resistance burns away.
An orc comes into view. It is wielding a +0 mace.
The orc closely misses you.
You hit the orc.
You kill the orc!
Things that are here:
a +0 flail; a +0 ring mail A magic dart appears from out of thin air!
The magic dart hits something.
Something hits you.
You miss something.
Something hits you but does no damage. x2
You barely miss something. Something hits you.
Unknown command.
You see here a +0 club.
Something hits you.
* * * LOW HITPOINT WARNING * * *
You hear some strange, mumbled words.
You are confused.
You see here a rat skeleton.
You're too confused to move!
Unknown command.
You're too confused to move!
Something hits you.
* * * LOW HITPOINT WARNING * * *
You miss something. Something hits you but does no damage.
You bump into the rock wall.
Something hits you.
* * * LOW HITPOINT WARNING * * *
You bump into the rock wall.
You feel less confused. Something hits you.
* * * LOW HITPOINT WARNING * * *
Something hits you.
* * * LOW HITPOINT WARNING * * *
There is a stone staircase leading up here.
You can't go down here!
You hear some strange, mumbled words.
Something hits you.
You die...

###
#@#
#{#
#.#
#.#
#o#
#o#
#)#
#รท#
#.#


You could see 2 orcs.

Vanquished Creatures
  A worm (D:1)
  An orc (D:2)
  2 bats
  An endoplasm (D:1)
  3 goblins
  A hobgoblin (D:1)
  A kobold (D:1)
  A rat (D:2)
11 creatures vanquished.

Vanquished Creatures (others)
  24 foxfires
  3 plants (D:1)
27 creatures vanquished.

Grand Total: 38 creatures vanquished

Notes
Turn   | Place    | Note
-------+----------+-------------------------------------------
     0 | D:1      | nickaroo1289 the Draconian Fire Elementalist began the
                  | quest for the Orb.
     0 | D:1      | Reached XP level 1. HP: 14/14 MP: 3/3
   743 | D:1      | Reached XP level 2. HP: 16/20 MP: 1/5
  1133 | D:1      | Learned a level 2 spell: Scorch
  1563 | D:2      | Slain by an orc wizard

Illustrated notes

Levels and vault maps discovered:
D:1:      evilmike_arrival_plus, layout_basic
D:2:      layout_basic, kennysheep_nondescript

Action                   || total
-------------------------++-------
Melee: Unarmed           ||    16
       Club              ||    36
       Tailslap          ||    10
 Cast: Foxfire           ||    24
       Scorch            ||     5
  Use: Scroll            ||     4
       Potion            ||     2
Armor: Skin              ||    18
Dodge: Dodged            ||    34
